General information
- name: BNet
- type: Ladder 1vs1/FFA
- host: Battle.net
- saver: 7.13
map: CentaurGrove
- players: 2
- length: 39:00
- speed: Fast
- version: 1.24 W3XP
- replay type: Public
» download(102 KB)
Players
team 1 (loser)
kep (
pink | 30 APM | 1158 actions | 38:58)
2 Crypt Lord
1 Impale
1 Spiked Carapace
» actions
| Assign group hotkey | 9 | |
| Basic commands | 47 | |
| Build / train | 85 | |
| Enter build submenu | 24 | |
| Enter hero's abilities submenu | 2 | |
| Remove unit from queue | 2 | |
| Right click | 107 | |
| Select / deselect | 286 | |
| Select group hotkey | 539 | |
| Use ability | 57 | |
1158 total
» units
| Acolyte | 36 | |
| Ghoul | 7 | |
| Crypt Fiend | 3 | |
| Goblin Shredder | 1 | |
| Necromancer | 9 | |
| Meatwagon | 2 | |
| Obsidian Statue | 2 | |
60 total
» upgrades
| Cannibalize | 1 | |
| Unholy Armor | 1 | |
| Unholy Strength | 1 | |
| Creature Carapace | 1 | |
| Creature Attack | 1 | |
| Necromancer Training | 1 | |
| Exhume Corpses | 1 | |
| Skeletal Longevity | 1 | |
8 total
» buildings
| Ziggurat | 12 | |
| Crypt | 2 | |
| Altar of Darkness | 1 | |
| Nerubian Tower | 6 | |
| Graveyard | 1 | |
| Halls of the Dead | 1 | |
| Slaughterhouse | 1 | |
| Spirit Tower | 4 | |
| Temple of the Damned | 2 | |
| Tomb of Relics | 1 | |
31 total
» build order
00:19 Ziggurat
00:31 Crypt
00:43 Altar of Darkness
01:20 Ziggurat
01:54 Crypt
02:31 Nerubian Tower
02:48 Ziggurat
03:40 Nerubian Tower
03:53 Ziggurat
04:01 Ziggurat
04:19 Ziggurat
04:34 Graveyard
05:16 Nerubian Tower
05:20 Nerubian Tower
08:03 Halls of the Dead
08:39 Ziggurat
09:53 Ziggurat
10:52 Slaughterhouse
12:37 Spirit Tower
12:42 Ziggurat
12:49 Ziggurat
14:07 Spirit Tower
14:37 Nerubian Tower
15:57 Temple of the Damned
16:48 Temple of the Damned
17:29 Ziggurat
21:50 Nerubian Tower
27:39 Tomb of Relics
29:29 Ziggurat
30:27 Spirit Tower
30:30 Spirit Tower
» items
team 2 (winner)
7.13 (
orange | 60 APM | 2351 actions | 39:00)
7 Paladin
3 Holy Light
3 Divine Shield
1 Resurrection
6 Mountain King
3 Storm Bolt
2 Bash
1 Thunder Clap
6 Archmage
2 Summon Water Elemental
3 Brilliance Aura
1 Blizzard
» actions
| Assign group hotkey | 60 | |
| Basic commands | 244 | |
| Build / train | 141 | |
| ESC pressed | 1 | |
| Enter build submenu | 42 | |
| Enter hero's abilities submenu | 19 | |
| Give item / drop item | 25 | |
| Right click | 817 | |
| Select / deselect | 576 | |
| Select group hotkey | 178 | |
| Use ability | 248 | |
2351 total
» units
| Peasant | 18 | |
| Footman | 6 | |
| Goblin Shredder | 1 | |
| Goblin Zeppelin | 1 | |
| Razormane Medicine Man | 1 | |
| Gryphon Rider | 2 | |
| Priest | 2 | |
| Dragonhawk Rider | 1 | |
| Mortar Team | 3 | |
35 total
» upgrades
| Defend | 1 | |
| Masonry | 3 | |
| Lumber Harvesting | 2 | |
| Animal War Training | 1 | |
| Priest Training | 2 | |
| Magic Sentry | 1 | |
| Swords | 3 | |
| Armor | 3 | |
| Cloud | 1 | |
| Storm Hammers | 1 | |
| Fragmentation Shards | 1 | |
| Flare | 1 | |
| Gunpowder | 3 | |
| Plating | 2 | |
| Flak Cannons | 1 | |
| Flying Machine Bombs | 1 | |
| Barrage | 1 | |
| Sorceress Training | 1 | |
29 total
» buildings
| Barracks | 1 | |
| Altar of Kings | 1 | |
| Farm | 11 | |
| Town Hall | 4 | |
| Scout Tower | 20 | |
| Arcane Vault | 1 | |
| Arcane Tower | 5 | |
| Keep | 1 | |
| Lumber Mill | 1 | |
| Castle | 1 | |
| Arcane Sanctum | 1 | |
| Blacksmith | 1 | |
| Guard Tower | 4 | |
| Gryphon Aviary | 2 | |
| Workshop | 1 | |
55 total
» build order
00:06 Barracks
00:10 Altar of Kings
00:26 Farm
01:03 Farm
01:39 Farm
02:04 Farm
04:10 Town Hall
04:16 Scout Tower
04:17 Scout Tower
04:20 Arcane Vault
04:47 Arcane Tower
05:28 Arcane Tower
05:57 Farm
06:16 Farm
06:53 Keep
06:58 Scout Tower
06:59 Scout Tower
07:03 Lumber Mill
09:03 Scout Tower
09:04 Scout Tower
09:05 Scout Tower
09:07 Scout Tower
09:17 Castle
09:21 Arcane Tower
09:24 Arcane Sanctum
10:15 Blacksmith
11:13 Guard Tower
11:16 Scout Tower
11:17 Scout Tower
11:18 Farm
11:22 Farm
11:23 Farm
11:24 Farm
11:29 Scout Tower
11:29 Scout Tower
11:32 Scout Tower
11:33 Scout Tower
11:34 Scout Tower
11:57 Gryphon Aviary
11:57 Gryphon Aviary
12:40 Guard Tower
14:23 Guard Tower
14:33 Guard Tower
14:34 Farm
16:41 Town Hall
19:49 Scout Tower
19:51 Scout Tower
22:08 Town Hall
22:14 Workshop
24:28 Scout Tower
24:29 Scout Tower
24:30 Scout Tower
29:10 Town Hall
33:37 Arcane Tower
33:39 Arcane Tower
» items
| Scroll of Regeneration | 1 | |
| Lesser Clarity Potion | 6 | |
| Mechanical Critter | 1 | |
| Boots of Speed | 3 | |
| Staff of Teleportation | 1 | |
| Potion of Invisibility | 10 | |
| Potion of Lesser Invulnerability | 2 | |
| Orb of Fire | 2 | |
| Staff of Sanctuary | 2 | |
| Potion of Mana | 2 | |
| Scroll of Town Portal | 3 | |
| Tome of Retraining | 2 | |
| Periapt of Vitality | 1 | |
36 total
Chat log
(33:58 / All) 7.13: oh that wont work
(33:59 / All) 7.13: lol
(35:02 / All) 7.13: phew that was an expensive mistake
(35:03 / All) 7.13: leave?
(37:14 / All) 7.13: leave man
(37:16 / All) 7.13: you lsot
(37:17 / All) 7.13: lost
(37:20 / All) 7.13: its only a game so leave
(37:39 / All) 7.13: youve played over 500 games and you still suck
(37:41 / All) 7.13: but thats ok
(37:49 / All) kep: I'll leave when I want
(37:50 / All) 7.13: we cant all be geniuses
(38:15 / All) 7.13: i know youll leave when you want
(38:20 / All) 7.13: i just know that when you want to leave is now
(38:23 / All) 7.13: and im telling you its ok
(38:56 / All) 7.13: now you feel like leavin?
(38:56 / All) 7.13: lol